 Dungeon Crawl Stone Soup version 0.31.0-7-gf635a9b802 (webtiles) character file.

Game seed: 10350301790641213557

699 Skeral the Ruffian (level 7, 0/67 HPs)
             Began as a Naga Shapeshifter on Jan 23, 2024.
             Was a High Priest of Cheibriados.
             Slain by a gnoll bouda
             ... wielding a +0 club
              (12 damage)
             ... on level 5 of the Dungeon.
             The game lasted 00:13:43 (4054 turns).

Skeral the Ruffian (Naga Shapeshifter)              Turns: 4054, Time: 00:13:44

Health: 0/67       AC:  3    Str: 27    XL:     7   Next: 65%
Magic:  17/17      EV: 10    Int: 22    God:    Cheibriados [*****.]
Gold:   276        SH:  0    Dex: 23    Spells: 6/6 levels left

rFire   . .          .
                       - Unarmed
rCold   . . .        (no shield)
rNeg    . . .        a - +0 animal skin
rPois   +            f - melded +0 helmet
rElec   .            (cloak currently unavailable)
rCorr   .            j - melded +0 pair of gloves
SInv    +            (no barding)
Will    .....        (no amulet)
Stlth   +++          W - ring of magical power
HPRegen 0.31/turn    Z - ring of wizardry
MPRegen 0.15/turn

%: wizardry (x1)
@: short of breath, beast-form, very slow
A: beast (slay +1), AC +2, large, see invisible, deformed body, poison
resistance, slowness 2, spit poison 1, naga tail 1
a: Spit Poison, Begin Untransformation, Renounce Religion, Bend Time, Temporal
Distortion, Slouch, Step From Time


You were on level 5 of the Dungeon.
You worshipped Cheibriados.
Cheibriados was extremely pleased with you.
You were a hulking beast.
You visited 1 branch of the dungeon, and saw 5 of its levels.
You also visited: Sewer.

You collected 276 gold pieces.


Innate Abilities, Weirdness & Mutations

You are a hulking beast.
Your limbs bulge with bestial killing power. (Slay +1)
Your serpentine skin is tough. (AC +2)
You have supernaturally acute eyesight. (SInv)
Armour fits poorly on your strangely shaped body.
Your system is resistant to poisons. (rPois)
You cover ground very slowly.
You can spit poison.
You have a snake-like lower body.


   Skills:
 + Level 5.2 Fighting
 - Level 1.5 Dodging
 - Level 4.0 Stealth
 + Level 5.9 Unarmed Combat
 + Level 2.0 Invocations
 - Level 3.0 Shapeshifting


You had 6 spell levels left.
You didn't know any spells.
Your spell library contained the following spells:

 Spells                   Type           Power      Damage    Failure   Level
 Freeze                   Ice            0%         1d3       7%          1
 Frozen Ramparts          Ice            0%         1d1       21%         3
 Hailstorm                Conj/Ice       0%         3d5       21%         3
 Tukima's Dance           Hex            0%         N/A       21%         3
 Dimensional Bullseye     Hex/Tloc       0%         N/A       52%         4
 Iskenderun's Mystic Bla  Conj/Tloc      0%         2d3       52%         4

Inventory:

Missiles
 b - 6 poisoned darts (quivered)
 i - 2 throwing nets {=f!f}
 l - 6 boomerangs
 A - 2 silver javelins
Armour
 a - a +0 animal skin (worn)
 f - a +0 helmet (melded)
   (You found it on level 1 of the Dungeon)
 j - a +0 pair of gloves (melded)
   (You found it on level 2 of the Dungeon)
 t - a scarf of invisibility
   (You found it on level 4 of the Dungeon)
Magical Staves
 y - a staff of fire {!a}
   (You found it on level 5 of the Dungeon)
Jewellery
 W - a ring of magical power (left hand)
   (You took it off a hobgoblin on level 4 of the Dungeon)
 Z - a ring of wizardry (right hand)
   (You found it on level 4 of the Dungeon)
Talismans
 c - a beast talisman (active)
 d - a flux talisman
Scrolls
 e - a scroll of enchant weapon {unknown}
 h - 2 scrolls of revelation {unknown}
 k - a scroll of fog {unknown}
 m - 2 scrolls of brand weapon {unknown}
 n - a scroll of vulnerability {unknown}
 o - a scroll of teleportation {unknown}
 r - a scroll of immolation {unknown}
 s - 4 scrolls of fear {unknown}
 u - a scroll of enchant armour {unknown}
 w - 2 scrolls of identify {unknown}
 x - 2 scrolls of amnesia {unknown}
Potions
 g - a potion of cancellation {unknown}
 p - a potion of curing {unknown}
 q - a potion of lignification {!q}
 v - 2 potions of ambrosia {unknown}
 z - a potion of magic {unknown}

Dungeon Overview and Level Annotations

Branches:
Dungeon (5/15) Zot: 38629   Sewer (visited)
 Temple: D:4-7

Altars:
Cheibriados

Annotations:
D:3 2 runed translucent doors, MisterTik's ghost, amateur GrRe

##### ......
....... #
#........ #
####......... #
#............ #
#...........# #
#####...........#
#
##.gh............#
#
#.g####..........#
#..## #..........#
#.# #..........#
...
#........†.####
...
####.#.##.#...#
.....
#.........#...#
....
#.............#
....
#.....###.....#


You could see a gnoll bouda (poisoned) and a gnoll (swift).


Message History

The gnoll hits you with a +2 whip of holy wrath! 😮 HP[-7]
You take 7 damage, and now have 49/67 hp.
You hit the gnoll.
You kill the gnoll!
Cheibriados appreciates the change of pace.
The gnoll hits you from afar with a +0 spear. 😮 HP[-1]
You take 1 damage, and now have 48/67 hp.
Okay, then.
Aiming: Spit Poison (1% risk of failure)
Press: ? - help, Shift-Dir - straight line, f - gnoll
Aim: a gnoll, wielding a +0 spear (65% to hit)
The splash of poison hits the gnoll!
You kill the gnoll!
Cheibriados appreciates the change of pace. 😮 HP[+1] Throw: 7 darts (poison)
Press: ? - help, Q - select action, (/) - cycle Shift-Dir - straight line, f - gnoll
Aim: a gnoll, wielding a +0 halberd and quivering 2 throwing nets (68% to hit)
You throw a poisoned dart. The poisoned dart hits the gnoll.
The gnoll is poisoned.
The gnoll barely misses you.
The gnoll bouda shouts!
The gnoll bouda barks out a call to the hunt!
The gnolls pick up the pace!
The gnoll closely misses you. The gnoll barely misses you.
Things that are here:
a +2 whip of holy wrath; a gnoll corpse; 😮 HP[+1]
You hit the gnoll. The gnoll barely misses you.
You hit the gnoll. You punch the gnoll.
The gnoll bouda gazes fiercely through you!
You feel your attacks grow feeble. The gnoll closely misses you.
You barely miss the gnoll.
You have got your breath back.
The gnoll barely misses you.
You hit the gnoll.
You kill the gnoll!
Cheibriados appreciates the change of pace. 😕 HP[+1]
You punch the gnoll! The gnoll closely misses you.
You punch the gnoll!
You kill the gnoll!
Cheibriados appreciates the change of pace.
Your Invocations skill increases to level 2!
You hit the gnoll bouda but do no damage.
The gnoll misses you.
The gnoll bouda gazes fiercely through you!
You feel as though you will be weak longer.
The gnoll bouda hits you with a +0 club. 😮 HP[-2]
You take 2 damage, and now have 49/67 hp.
You hit the gnoll bouda but do no damage.
The gnoll hits you from afar with a +0 spear. 😮 HP[-5]
You take 5 damage, and now have 44/67 hp.
You hit the gnoll bouda but do no damage.
The gnoll bouda barely misses you.
The gnoll hits you from afar with a +0 spear. 😮 HP[-4]
You take 4 damage, and now have 40/67 hp.
You hit the gnoll bouda but do no damage.
The gnoll bouda hits you with a +0 club.
The gnoll hits you from afar with a +0 spear.
* * * LOW HITPOINT WARNING * * *
😨 HP[-8]
You take 8 damage, and now have 32/67 hp.
You hit the gnoll bouda but do no damage.
The gnoll bouda hits you with a +0 club.
* * * LOW HITPOINT WARNING * * *
😨 HP[-5]
You take 5 damage, and now have 27/67 hp.
You hit the gnoll bouda but do no damage.
The gnoll hits you from afar with a +0 spear.
* * * LOW HITPOINT WARNING * * *
The gnoll bouda hits you with a +0 club!
* * * LOW HITPOINT WARNING * * *
😱 HP[-11]
You take 11 damage, and now have 16/67 hp.
You hit the gnoll bouda.
The gnoll is no longer moving quickly.
The gnoll hits you but does no damage.
The gnoll bouda barks out a call to the hunt!
The gnoll picks up the pace!
You hit the gnoll bouda but do no damage.
You punch the gnoll bouda, but do no damage.
Your attacks no longer feel as feeble.
The gnoll barely misses you.
The gnoll bouda hits you with a +0 club.
* * * LOW HITPOINT WARNING * * *
😱 HP[-4]
You take 4 damage, and now have 12/67 hp.
Okay, then.
Aiming: Spit Poison (1% risk of failure)
Press: ? - help, Shift-Dir - straight line, f - gnoll bouda
Aim: a gnoll bouda, wielding a +0 club and wearing a +0 robe (lightly wounded, 65% to hit)
The splash of poison hits the gnoll bouda!
The gnoll bouda is poisoned.
The gnoll closely misses you.
The gnoll bouda hits you with a +0 club!
You die...

Skill      XL: |  1  2  3  4  5  6  7 |
---------------+----------------------+-----
Fighting       | 2 3 4 5 |  5.2
Stealth        | 1 2 4 |  4.0
Unarmed Combat | 4 5 |  5.9
Invocations    | 2 |  2.0
Dodging        | |  1.5
Shapeshifting  | |  3.0

Action                     |  1- 3 |  4- 6 |  7- 9 || total
---------------------------+-------+-------+-------++-------
  Melee: Unarmed           |    99 |   246 |    63 ||   408
         Punch             |     1 |     4 |     6 ||    11
  Throw: Dart              |       |     3 |     1 ||     4
Ability: Spit Poison       |       |     2 |     2 ||     4
    Use: Potion            |       |     2 |       ||     2
   Stab: Sleeping          |     2 |    12 |     3 ||    17
         Distracted        |       |       |     1 ||     1
 Armour: Animal skin       |    66 |   150 |    39 ||   255
         Skin              |       |     9 |       ||     9
  Dodge: Dodged            |    54 |   126 |    32 ||   212
   Form: Beast             |     2 |       |       ||     2
                           |     1 |       |       ||     1

Levels and vault maps discovered:
D:1:      eino_arrival_water_cross, layout_rooms,
          shapermc_ecumenical_altar_mp_highgroup
D:2:      layout_basic, minmay_crystal_room
D:3:      layout_rooms, ebering_ghost_disaster_area, portal_sewer_entry_e,
          grunt_ministairs_1, minmay_pentangle
D:4:      layout_loops_ring
D:5:      layout_rooms

Notes
Turn   | Place    | Note
-------+----------+-------------------------------------------
     0 | D:1      | Skeral the Naga Shapeshifter began the quest for the Orb.
     0 | D:1      | Reached XP level 1. HP: 18/18 MP: 1/1
     0 | D:1      | magus.rc [v1.10.3]
   129 | D:1      | Reached XP level 2. HP: 22/25 MP: 2/2
   210 | D:1      | Found a faded altar of an unknown god.
   226 | D:1      | Prayed at the altar of an unknown god.
   226 | D:1      | Became a worshipper of Cheibriados the Contemplative
   226 | D:1      | Reached * piety under Cheibriados
   438 | D:2      | Reached skill level 2 in Fighting
   438 | D:2      | Reached XP level 3. HP: 26/32 MP: 3/3
   599 | D:2      | Reached ** piety under Cheibriados
   674 | D:2      | Reached skill level 1 in Stealth
   889 | D:2      | magus.rc [v1.10.3]
   963 | D:2      | Reached XP level 4. HP: 34/40 MP: 4/4
  1281 | D:2      | Reached skill level 4 in Unarmed Combat
  1381 | D:3      | Reached *** piety under Cheibriados
  1397 | D:3      | Found a glowing drain.
  1405 | Sewer    | Entered a sewer
  1456 | Sewer    | Reached skill level 2 in Stealth
  1692 | Sewer    | Reached skill level 3 in Fighting
  1816 | Sewer    | Reached XP level 5. HP: 45/49 MP: 5/5
  1831 | Sewer    | Noticed a kobold brigand
  1856 | Sewer    | Killed a kobold brigand
  1857 | Sewer    | Reached skill level 3 in Stealth
  2007 | Sewer    | Noticed a kobold brigand
  2016 | Sewer    | Killed a kobold brigand
  2017 | Sewer    | Reached skill level 4 in Stealth
  2017 | Sewer    | Reached XP level 6. HP: 50/57 MP: 6/6
  2092 | Sewer    | Reached **** piety under Cheibriados
  2303 | D:3      | Reached skill level 4 in Fighting
  2313 | D:3      | Reached skill level 5 in Unarmed Combat
  2313 | D:3      | HP: 11/57 [orc/+0 mace (6)]
  2645 | D:3      | Found a large runed translucent door.
  2645 | D:3      | Found a large runed translucent door.
  2737 | D:3      | You pick up a book of Frost and begin reading...
  2737 | D:3      | You add the spells Freeze, Frozen Ramparts and Hailstorm to
                  | your library.
  3043 | D:3      | Noticed MisterTik's ghost (amateur GrRe)
  3256 | D:4      | Reached XP level 7. HP: 55/66 MP: 7/7
  3306 | D:4      | Reached ***** piety under Cheibriados
  3468 | D:4      | You pick up a book of Weapons and begin reading...
  3468 | D:4      | You add the spells Tukima's Dance, Dimensional Bullseye and
                  | Iskenderun's Mystic Blast to your library.
  3683 | D:4      | Reached skill level 1 in Invocations
  3714 | D:4      | Reached skill level 5 in Fighting
  3766 | D:5      | Entered Level 5 of the Dungeon
  4046 | D:5      | Reached skill level 2 in Invocations
  4051 | D:5      | HP: 16/67 [gnoll bouda/+0 club (8)]
  4054 | D:5      | Slain by a gnoll bouda

Vanquished Creatures
  2 kobold brigands (Sewer)
  A scorpion (D:4)
  A hound (D:5)
  2 bombardier beetles (D:4)
  A jelly (D:5)
  An orc priest (D:3)
  An orc wizard (D:3)
  2 iguanas (D:4)
  4 gnolls (D:5)
  9 adders
  A river rat (Sewer)
  7 ribbon worms
  3 dart slugs
  10 orcs
  6 bats
  5 endoplasms
  4 giant cockroaches
  7 goblins
  5 hobgoblins
  15 jackals
  5 quokkas
  18 ball pythons
  3 frilled lizards
  8 kobolds
  20 rats
141 creatures vanquished.

Table legend:
 A = Non-vault XP
 B = Vault XP
 C = Vault XP percentage of total XP
 D = Non-vault monster count
 E = Vault monster count
 F = Vault count percentage of total count
                 A         B        C        D         E       F
            +---------+---------+-------+---------+---------+-------
      Total |     705 |     294 |  29.4 |      95 |      46 |  32.6
            +---------+---------+-------+---------+---------+-------
        D:1 |      24 |       0 |   0.0 |      12 |       0 |   0.0
        D:2 |      87 |       0 |   0.0 |      31 |       0 |   0.0
        D:3 |     137 |      27 |  16.5 |      24 |      18 |  42.9
        D:4 |     301 |       0 |   0.0 |      18 |       0 |   0.0
        D:5 |     156 |       0 |   0.0 |      10 |       0 |   0.0
      Sewer |       0 |     267 | 100.0 |       0 |      28 | 100.0
            +---------+---------+-------+---------+---------+-------

Skill      XL: |  1  2  3  4  5  6  7 |
---------------+----------------------+-----
Fighting       | 2 3 4 5 |  5.2
Stealth        | 1 2 4 |  4.0
Unarmed Combat | 4 5 |  5.9
Invocations    | 2 |  2.0
Dodging        | |  1.5
Shapeshifting  | |  3.0

Action                     |  1- 3 |  4- 6 |  7- 9 || total
---------------------------+-------+-------+-------++-------
  Melee: Unarmed           |    99 |   246 |    63 ||   408
         Punch             |     1 |     4 |     6 ||    11
  Throw: Dart              |       |     3 |     1 ||     4
Ability: Spit Poison       |       |     2 |     2 ||     4
    Use: Potion            |       |     2 |       ||     2
   Stab: Sleeping          |     2 |    12 |     3 ||    17
         Distracted        |       |       |     1 ||     1
 Armour: Animal skin       |    66 |   150 |    39 ||   255
         Skin              |       |     9 |       ||     9
  Dodge: Dodged            |    54 |   126 |    32 ||   212
   Form: Beast             |     2 |       |       ||     2
                           |     1 |       |       ||     1

Illustrated notes

Table legend:
 A = Kills in this place as a percentage of kills in the entire game.
 B = Kills by you in this place as a percentage of kills by you in the entire game.
 C = Kills by friends in this place as a percentage of kills by friends in the entire game.
 D = Other kills in this place as a percentage of other kills in the entire game.
 E = Experience gained in this place as a percentage of experience gained in the entire game.
 F = Experience gained in this place divided by the number of levels of this place that you have seen.
                   A       B       C       D       E      F
               +-------+-------+-------+-------+-------+----------------------
         Total | 100.0 | 100.0 |   N/A |   N/A | 100.0 | 166.5
       Dungeon |  80.1 |  80.1 |   N/A |   N/A |  73.3 | 146.4
         Sewer |  19.9 |  19.9 |   N/A |   N/A |  26.7 | 267.0
               +-------+-------+-------+-------+-------+----------------------

Table legend: (Time is in decaauts)
 A = Elapsed time spent in this place.
 B = Non-inter-level travel time spent in this place.
 C = Inter-level travel time spent in this place.
 D = Time resting spent in this place.
 E = Time spent auto-exploring this place.
 F = Levels seen in this place.
 G = Mean time per level.
                   A        B        C        D        E       F      G
               +--------+--------+--------+--------+--------+-----+--------+
         Total |   7570 |   7279 |    291 |    626 |   2667 |   6 | 1261.7 |
       Dungeon |   6234 |   5943 |    291 |    506 |   2455 |   5 | 1246.8 |
         Sewer |   1335 |   1335 |      0 |    120 |    212 |   1 | 1335.0 |
               +--------+--------+--------+--------+--------+-----+--------+

Top non-repeatable levels by time:
     D:3: 1942 daAuts
     D:2: 1596 daAuts
     D:4: 1497 daAuts
   Sewer: 1335 daAuts
     D:5: 649 daAuts
     D:1: 549 daAuts
